 Dungeon Crawl Stone Soup version 0.32-a0-18-g89e19f1974 (webtiles) character file.

Game seed: 2602052018226839633

7783 Newt the Skirmisher (level 11, -14/61 HPs)
             Began as a Kobold Hunter on Jan 16, 2024.
             Was a Priest of Hepliaklqana.
             Demolished by a shadow (19 damage)
             ... on level 9 of the Dungeon.
             The game lasted 00:09:00 (8320 turns).

Newt the Skirmisher (Kobold Hunter)                 Turns: 8320, Time: 00:09:01

Health: -14/61     AC:  6    Str:  9    XL:     11   Next: 43%
Magic:  14/15      EV: 19    Int: 17    God:    Hepliaklqana [***...]
Gold:   942        SH:  0    Dex: 22    Spells: 10/10 levels left

rFire   . . .        o - +0 arbalest
rCold   . . .        (shield currently unavailable)
rNeg    + . .        i - +3 leather armour {rN+}
rPois   +            p - melded +1 helmet of Fyolia {rPois rC++ rCorr Int-4}
rElec   .            (cloak currently unavailable)
rCorr   .            (gloves currently unavailable)
SInv    .            (boots currently unavailable)
Will    .....        (no amulet)
Stlth   +++++        g - ring of poison resistance
HPRegen 0.30/turn    m - +6 ring of intelligence
MPRegen 0.14/turn

%: no passive effects
@: beast-form, slowed, very slow
A: beast (slay +4), reduced essence, small, no large weapons, nightstalker 3
a: Begin Untransformation, Renounce Religion, Recall Ancestor, Ancestor
Identity, Transference


You were on level 9 of the Dungeon.
You worshipped Hepliaklqana.
Hepliaklqana was most pleased with you.
You were a hulking beast.
You visited 2 branches of the dungeon, and saw 10 of its levels.

You collected 942 gold pieces.

Inventory:

Hand Weapons
 a - a +0 shortbow
 o - a +0 arbalest (weapon)
Armour
 c - a +0 leather armour
 i - a +3 leather armour of positive energy (worn)
 p - the +1 helmet of Fyolia (melded) {rPois rC++ rCorr Int-4}
   (You found it on level 3 of the Dungeon)

   Int-4:     It affects your intelligence (-4).
   rC++:      It greatly protects you from cold.
   rPois:     It protects you from poison rCorr: It protects you from acid and
   corrosion.
 v - quicksilver dragon scales
Jewellery
 g - a ring of poison resistance (left hand)
 k - a ring of wizardry
 m - a +6 ring of intelligence (right hand)
Talismans
 e - a beast talisman (active)
Wands
 l - a wand of digging (8)
Scrolls
 b - a scroll of butterflies
 q - 4 scrolls of poison
 x - 3 scrolls of teleportation
 y - 2 scrolls of blinking
 z - a scroll of enchant armour
 A - a scroll of immolation
Potions
 h - a potion of degeneration
 j - a potion of ambrosia
 n - a potion of haste
 r - a potion of mutation
 s - 2 potions of might {unknown}
 t - 2 potions of enlightenment {unknown}
 u - a potion of lignification
 w - a potion of brilliance
 C - a potion of attraction {unknown}
 D - a potion of cancellation {unknown}


   Skills:
 - Level 8.0 Fighting
 - Level 12.0 Ranged Weapons
 - Level 7.0 Dodging
 - Level 8.0 Stealth
 + Level 5.5 Invocations
 - Level 6.0 Evocations
 - Level 7.0 Shapeshifting


You had 10 spell levels left.
You didn't know any spells.
Your spell library contained the following spells:

 Spells                   Type           Power      Damage    Failure   Level
 Apportation              Tloc           0%         N/A       32%         1
 Foxfire                  Conj/Fire      0%         2x1d4     32%         1
 Necrotise                Necr           0%         1d4       32%         1
 Sting                    Conj/Alch      0%         1d3       32%         1
 Summon Small Mammal      Summ           0%         N/A       32%         1
 Sublimation of Blood     Necr           0%         N/A       45%         2
 Inner Flame              Hex/Fire       0%         N/A       69%         3
 Vampiric Draining        Necr           0%         2d6       69%         3
 Animate Armour           Summ/Erth      0%         N/A       97%         4
 Flame Wave               Conj/Fire      0%         2d4       97%         4
 Martyr's Knell           Necr/Summ      0%         N/A       97%         4
 Petrify                  Alch/Erth      0%         N/A       97%         4
 Sticky Flame             Fire/Alch      0%         2d4       97%         4
 Summon Lightning Spire   Summ/Air       0%         N/A       97%         4
 Vhi's Electric Charge    Tloc/Air       0%         N/A       97%         4
 Arcjolt                  Conj/Air       0%         1d10      100%        5
 Curse of Agony           Necr           0%         N/A       100%        5
 Irradiate                Conj/Alch      0%         3d11      100%        5
 Lee's Rapid Deconstruct  Erth           0%         3d4*      100%        5
 Plasma Beam              Fire/Air       0%         2x1d10    100%        6
 Starburst                Conj/Fire      0%         6d3       100%        6
 Maxwell's Capacitive Co  Air            0%         ∞         100%        8


Dungeon Overview and Level Annotations

Branches:
Dungeon (9/15)             Temple (1/1) D:5             Orc (0/2) D:9
   Lair: D:8-11

Altars:
Ashenzari
Cheibriados
Dithmenos
Elyvilon
Gozag
Hepliaklqana
Kikubaaqudgha
Makhleb
Nemelex Xobeh
Okawaru
Qazlal
Ru
Sif Muna
Trog
Uskayaw
Vehumet
Wu Jian
Xom
Yredelemnul
Zin
The Shining One


Innate Abilities, Weirdness & Mutations

You are a hulking beast.
Your limbs bulge with bestial killing power. (Slay +4)
Your life essence is reduced to manifest your ancestor. (-10% HP)
You are small and have problems with some larger weapons.
You are completely attuned to the shadows.


Message History

The freezing wraith barely misses you. x2
You feel better. The freezing wraith misses you.
The freezing wraith hits you but does no damage. x2
The freezing wraith completely misses you.
Blink to where?
Press: ? - help, Dir - move target, p - freezing wraith
As you read the scroll of blinking, it crumbles to dust.
Fire: o) +0 arbalest
Press: ? - help, Shift-Dir - straight line, f - freezing wraith
Aim: a freezing wraith (almost destroyed, 72% to hit)
You shoot a bolt. The bolt hits the freezing wraith.
The freezing wraith is almost destroyed.
The shadow strikes at you from the darkness!
* * * LOW HITPOINT WARNING * * *
Reactivating autopickup.
The freezing wraith misses you. x2
The freezing wraith hits you but does no damage.
The freezing wraith closely misses you.
Unknown command.
Blink to where?
Press: ? - help, Dir - move target, p - freezing wraith
As you read the scroll of blinking, it crumbles to dust.
Sextus emerges from the mists of memory!
You shoot a bolt. Sextus avoids your attack.
The bolt hits the freezing wraith!!
You destroy the freezing wraith!
Sextus barely misses the freezing wraith.
The freezing wraith hits Sextus!
The freezing wraith freezes Sextus.
Sextus resists.
Sextus blocks the freezing wraith's attack.
The shadow slips into darkness.
The shadow flickers and vanishes!
Deactivating autopickup; reactivate with Ctrl-A.
Sextus blocks the freezing wraith's attack.
The freezing wraith hits Sextus!
Sextus hits the freezing wraith with a +0 flail.
The freezing wraith hits Sextus!
Sextus is destroyed!
The shadow strikes at you from the darkness!
You die...

#.########..#######..R....
#.# ##.#..~~~..#.#####
#.#######.#..~...~..#R...#
#........#...~._.~...#...#
#.........#..~...~..#...##
#.########.#..~~~..#.####.
#<..........#######.....#.
#.............W........##.
#........h.......§.W...#..
#.....#######..........#..
#.....# .#.#.........##..
#.....# ...#.........#>..
####### ...'.........##..
...'...########.. ...'..##
#.. ...#..# ##. .#.#### #.


There were no monsters in sight!

Vanquished Creatures
  The ghost of jestert79 the Marksant, a journeyman FoHs of Kikubaaqudgha (D:9)
  Pikel (D:7)
  Jeremiah (D:8)
  A freezing wraith (D:9)
  A hornet (D:7)
  Sigmund (D:5)
  2 wraiths (D:9)
  5 yaks (D:9)
  A vampire (D:9)
  A warg (D:9)
  Menkaure (D:7)
  3 water moccasins (D:8)
  Duvessa (D:5)
  5 orc warriors (D:9)
  A sky beast (D:7)
  2 ogres (D:5)
  2 black bears
  2 centaurs (D:9)
  A phantom (D:4)
  5 kobold brigands
  A scorpion (D:2)
  4 wights (D:7)
  Dowan (D:5)
  3 jellies
  2 howler monkeys
  2 hounds (D:5)
  A gnoll bouda (D:9)
  5 orc priests
  A sleepcap (D:5)
  3 iguanas
  4 orc wizards
  7 gnolls
  4 adders
  2 white imps (D:7)
  2 dart slugs
  2 ribbon worms
  23 orcs
  6 endoplasms
  4 giant cockroaches
  13 goblins
  5 hobgoblins
  6 jackals
  18 kobolds
  2 quokkas (D:1)
  7 ball pythons
  7 bats
  3 frilled lizards
  4 rats
180 creatures vanquished.

Vanquished Creatures (collateral kills)
  An ugly thing (D:9)
  A yak (D:9)
  A steam dragon (D:7)
  An acid dragon (D:8)
  A centaur (D:9)
  A kobold brigand (D:8)
  A bullfrog (D:9)
  4 wights (D:7)
  An orc (D:9)
  6 kobolds
18 creatures vanquished.

Vanquished Creatures (others)
  3 knights (D:9)
  An ancestor (D:7)
4 creatures vanquished.

Grand Total: 202 creatures vanquished

Notes
Turn   | Place    | Note
-------+----------+-------------------------------------------
     0 | D:1      | Newt the Kobold Hunter began the quest for the Orb.
     0 | D:1      | Reached XP level 1. HP: 12/12 MP: 1/1
    29 | D:1      | Reached XP level 2. HP: 18/18 MP: 2/2
   385 | D:1      | Reached XP level 3. HP: 23/23 MP: 3/3
  1064 | D:2      | Reached XP level 4. HP: 29/29 MP: 4/4
  1072 | D:2      | Reached skill level 6 in Ranged Weapons
  1335 | D:2      | Noticed a scorpion
  1340 | D:2      | Killed a scorpion
  1341 | D:2      | Reached skill level 7 in Ranged Weapons
  1341 | D:2      | Reached XP level 5. HP: 33/33 MP: 5/5
  2282 | D:3      | Identified the +1 helmet of Fyolia {rPois rC++ rCorr Int-4}
  2362 | D:3      | Found a snail-covered altar of Cheibriados.
  2455 | D:3      | Found an iron altar of Okawaru.
  2595 | D:4      | Found a basalt altar of Yredelemnul.
  2601 | D:4      | Found a white marble altar of Elyvilon.
  2660 | D:4      | Noticed a phantom
  2662 | D:4      | Reached skill level 8 in Ranged Weapons
  2662 | D:4      | Reached XP level 6. HP: 38/38 MP: 6/6
  2673 | D:4      | Reached skill level 9 in Ranged Weapons
  2876 | D:4      | Reached skill level 1 in Shapeshifting
  3031 | D:4      | Reached XP level 7. HP: 43/43 MP: 7/7
  3055 | D:5      | Entered Level 5 of the Dungeon
  3217 | D:5      | Found a stormy altar of Qazlal.
  3456 | D:5      | Noticed Sigmund
  3474 | D:5      | Reached XP level 8. HP: 48/48 MP: 8/8
  3494 | D:5      | Reached skill level 5 in Shapeshifting
  3504 | D:5      | Killed Sigmund
  3565 | D:5      | Found a broken altar of Ashenzari.
  3596 | D:5      | Found a staircase to the Ecumenical Temple.
  3616 | Temple   | Entered the Ecumenical Temple
  3628 | Temple   | Became a worshipper of Hepliaklqana the Forgotten
  3766 | D:5      | Noticed Duvessa
  3767 | D:5      | Noticed Dowan
  3773 | D:5      | Killed Duvessa
  3774 | D:5      | Killed Dowan
  4141 | D:5      | Identified the +7 hand axe "Gram" {protect, ^Fragile rElec
                  | rPois rC+}
  4713 | D:6      | Reached * piety under Hepliaklqana
  4779 | D:6      | Identified the +6 demon blade of the Open Hand {elec,
                  | rPois}
  5075 | D:6      | Reached XP level 9. HP: 46/46 MP: 9/9
  5080 | D:6      | Reached skill level 5 in Dodging
  5233 | D:7      | Noticed Pikel
  5238 | D:7      | Killed Pikel
  5239 | D:7      | Reached skill level 10 in Ranged Weapons
  5283 | D:7      | Identified a scroll of acquirement
  5283 | D:7      | Acquired 521 gold pieces
  5394 | D:7      | Reached skill level 11 in Ranged Weapons
  5582 | D:7      | Noticed Menkaure
  5588 | D:7      | Killed Menkaure
  5720 | D:7      | Reached skill level 12 in Ranged Weapons
  5720 | D:7      | Reached XP level 10. HP: 50/50 MP: 10/10
  5741 | D:7      | Reached skill level 5 in Fighting
  5778 | D:7      | Reached ** piety under Hepliaklqana
  5779 | D:7      | Remembered your ancestor Sextus as a knight
  6497 | D:8      | Noticed Jeremiah
  6504 | D:8      | Killed Jeremiah
  6742 | D:8      | Found the +5 Force Lance {heavy, knockback}
  7124 | D:9      | Identified the +9 scale mail of the Slimy Hot Ocelot {rC+}
  7316 | D:9      | Reached skill level 5 in Stealth
  7351 | D:9      | Noticed a purple ugly thing
  7357 | D:9      | Killed a purple ugly thing
  7375 | D:9      | Reached skill level 1 in Evocations
  7377 | D:9      | Reached XP level 11. HP: 61/61 MP: 11/11
  7534 | D:9      | Reached *** piety under Hepliaklqana
  7566 | D:9      | Found a staircase to the Orcish Mines.
  7584 | D:9      | Reached skill level 5 in Evocations
  7980 | D:9      | Reached skill level 1 in Invocations
  8015 | D:9      | Found a sacrificial altar of Ru.
  8091 | D:9      | Found a runed translucent gate.
  8091 | D:9      | Found a runed translucent gate.
  8091 | D:9      | Found a runed translucent gate.
  8218 | D:9      | Found a bloodstained altar of Trog.
  8275 | D:9      | Noticed jestert79's ghost (journeyman FoHs)
  8304 | D:9      | HP: 1/61 [jestert79's ghost (17)]
  8307 | D:9      | Killed jestert79's ghost
  8308 | D:9      | Reached skill level 5 in Invocations
  8314 | D:9      | HP: 2/61 [something (12)]
  8320 | D:9      | Demolished by a shadow

Illustrated notes

Levels and vault maps discovered:
D:1:      mainiacjoe_arrival_oval_in_oval, layout_basic
D:2:      minmay_inner_zag, layout_loops_ring, minivault_24
D:3:      layout_loops_ring, lemuel_crystal_altar, mainiacjoe_overflow_brackets
D:4:      layout_rooms, yredelemnul_altar_generic, lemuel_crystal_altar,
          st_stairs_6, hangedman_abyss_or_decor_stagger
D:5:      layout_basic, grunt_qazlal_clouds, cheibrodos_ashenzari_chains,
          temple_statues, uniq_duvessa, uniq_sigmund
D:6:      layout_gridville, minmay_unpleasant_kobolds
D:7:      layout_gridville, st_stairs_1, uniq_pikel, uniq_menkaure
D:8:      layout_basic, uniq_jeremiah
D:9:      layout_long_grid, mainiacjoe_overflow_alcove_2,
          nicolae_ru_awakened_eye, david_orc_1_choice, gammafunk_ghost_spectres
Temple:   nicolae_temple_god_jail

Skill      XL: |  1  2  3  4  5  6  7  8  9 10 11 |
---------------+----------------------------------+-----
Fighting       | 3 4 8 |  8.0
Ranged Weapons | 7 8 9 12 | 12.0
Shapeshifting  | 1 4 7 |  7.0
Dodging        | 4 7 |  7.0
Stealth        | 8 |  8.0
Evocations     | 3 6 |  6.0
Invocations    | 5 |  5.5

Action                     |  1- 3 |  4- 6 |  7- 9 | 10-12 || total
---------------------------+-------+-------+-------+-------++-------
   Fire: Shortbow          |    94 |    14 |       |       ||   108
         Arbalest          |       |    81 |   164 |   170 ||   415
 Invoke: Ancestor Life: Kn |       |       |       |     1 ||     1
    Use: Scroll            |     4 |     4 |     6 |     7 ||    21
         Potion            |       |       |       |    10 ||    10
 Armour: Leather armour    |    26 |    25 |    56 |    52 ||   159
  Dodge: Dodged            |    36 |    23 |    74 |    93 ||   226
   Form: Beast             |       |       |     1 |       ||     1

Table legend: (Time is in decaauts)
 A = Elapsed time spent in this place.
 B = Non-inter-level travel time spent in this place.
 C = Inter-level travel time spent in this place.
 D = Time resting spent in this place.
 E = Time spent auto-exploring this place.
 F = Levels seen in this place.
 G = Mean time per level.
                   A        B        C        D        E       F      G
               +--------+--------+--------+--------+--------+-----+--------+
         Total |   8520 |   8155 |    365 |    381 |   6617 |  10 |  852.0 |
       Dungeon |   8497 |   8153 |    344 |    381 |   6617 |   9 |  944.1 |
        Temple |     22 |      1 |     21 |      0 |      0 |   1 |   22.0 |
               +--------+--------+--------+--------+--------+-----+--------+

Top non-repeatable levels by time:
     D:9: 1253 daAuts
     D:5: 1206 daAuts
     D:7: 1017 daAuts
     D:2: 1011 daAuts
     D:8: 963 daAuts
     D:6: 936 daAuts
     D:3: 872 daAuts
     D:1: 737 daAuts
     D:4: 499 daAuts
  Temple: 22 daAuts
